Workbook

Sheet CATALOGO 
A1: PLAN CONTABLE GENERAL EMPRESARIAL 2019 Resolución CNC 002-2019-EF/30 - Vigente al 01.01.2020
A2: Contenido Digital del Catálogo Profesional del Nuevo PCGE
A3: CÓDIGO | B3: DESCRIPCIÓN DE LA CUENTA
A4: 10 | B4: EFECTIVO Y EQUIVALENTES DE EFECTIVO
A5: 101 | B5: Caja
A6: 102 | B6: Fondos fijos
A7: 103 | B7: Efectivo y cheques en tránsito
A8: 1031 | B8: Efectivo en tránsito
A9: 1032 | B9: Cheques en tránsito
A10: 104 | B10: Cuentas corrientes en instituciones financieras
A11: 1041 | B11: Cuentas corrientes operativas
A12: 1042 | B12: Cuentas corrientes para fines específicos
A13: 105 | B13: Otros equivalentes de efectivo
A14: 1051 | B14: Otro equivalentes de efectivo
A15: 106 | B15: Depósitos en instituciones financieras
... A1278: 6353 | B1278: Maquinarias y equipos de explotación
A1279: 6354 | B1279: Equipo de transporte
A1280: 6355 | B1280: Muebles y enseres
A1281: 6356 | B1281: Equipos diversos
A1282: 636 | B1282: Servicios básicos
A1283: 6361 | B1283: Energía eléctrica
A1284: 6362 | B1284: Gas
A1285: 6363 | B1285: Agua
A1286: 6364 | B1286: Teléfono
A1287: 6365 | B1287: Internet
A1288: 6366 | B1288: Radio
A1289: 6367 | B1289: Cable
A1290: 637 | B1290: Publicidad, publicaciones, relaciones públicas
A1291: 6371 | B1291: Publicidad
... A1456: 68521 | B1456: Activos biológicos de origen animal
A1457: 68522 | B1457: Activos biológicos de origen vegetal
A1458: 686 | B1458: Amortización de intangibles
A1459: 6861 | B1459: Amortización de intangibles – Costo
A1460: 68611 | B1460: Concesiones, licencias y otros derechos
A1461: 68612 | B1461: Patentes y propiedad industrial
A1462: 68613 | B1462: Programas de computadora (software)
A1463: 68614 | B1463: Costos de exploración y desarrollo
A1464: 68615 | B1464: Fórmulas, diseños y prototipos
A1465: 68619 | B1465: Otros activos intangibles
A1466: 6862 | B1466: Amortización de intangibles – Revaluación
A1467: 68621 | B1467: Concesiones, licencias y otros derechos
A1468: 68622 | B1468: Patentes y propiedad industrial
... A1498: 68830 | B1498: Planta productora en producción
A1499: 68831 | B1499: Planta productora en desarrollo
A1500: 68832 | B1500: Terrenos
A1501: 68833 | B1501: Edificaciones
A1502: 68834 | B1502: Maquinarias y equipos de explotación
A1503: 68835 | B1503: Unidades de transporte
A1504: 68836 | B1504: Muebles y enseres
A1505: 68837 | B1505: Equipos diversos
A1506: 68838 | B1506: Herramientas y unidades de reemplazo
A1507: 6884 | B1507: Desvalorización de intangibles
A1508: 68841 | B1508: Concesiones, licencias y otros derechos
A1509: 68842 | B1509: Patentes y propiedad industrial
A1510: 68843 | B1510: Programas de computadora (software)
... A1904: 979 | B1904: Otros gastos financieros
A1905: 01 | B1905: BIENES Y VALORES ENTREGADOS
A1906: 011 | B1906: Bienes en préstamo, custodia y no capitalizables
A1907: 0111 | B1907: Bienes en préstamo
A1908: 0112 | B1908: Bienes en custodia
A1909: 012 | B1909: Valores y bienes entregados en garantía
A1910: 0121 | B1910: Cartas fianza
A1911: 0122 | B1911: Cuenta por cobrar
A1912: 0123 | B1912: Inventarios
A1913: 0124 | B1913: Inversión mobiliaria
A1914: 0125 | B1914: Propiedad de inversión
A1915: 0126 | B1915: Activos por derecho de uso
A1916: 0127 | B1916: Propiedades, planta y equipo
... A1962: 08 | B1962: OTRAS CUENTAS DE ORDEN ACREEDORAS
A1963: 89 | B1963: Diversas
A1964: 09 | B1964: CONTRAPARTIDA CUENTAS DE ORDEN ACREEDORAS

Sheet ejercicios
A2: Desarrollar los Siguientes Ejercicios utilizando el Plan Contable General empresarial
A4: 1. La empresa cobra una factura por 3 mil soles , recibiendo una transferencia bancaria
B6: Cuenta | C6: Denominacion | D6: Debe | E6: Haber
B7: 10 | C7: =+VLOOKUP(B7,'CATALOGO '!$A$4:$B$1964,2,FALSE) -> EFECTIVO Y EQUIVALENTES DE EFECTIVO | D7: 3000
B8: 104 | C8: =+VLOOKUP(B8,'CATALOGO '!$A$4:$B$1964,2,FALSE) -> Cuentas corrientes en instituciones financieras
B9: 1041 | C9: =+VLOOKUP(B9,'CATALOGO '!$A$4:$B$1964,2,FALSE) -> Cuentas corrientes operativas
B10: 12 | C10: =+VLOOKUP(B10,'CATALOGO '!$A$4:$B$1964,2,FALSE) -> CUENTAS POR COBRAR COMERCIALES TERCEROS | E10: 3000
B11: 121 | C11: =+VLOOKUP(B11,'CATALOGO '!$A$4:$B$1964,2,FALSE) -> Facturas, boletas y otros comprobantes por cobrar
B12: 1212 | C12: =+VLOOKUP(B12,'CATALOGO '!$A$4:$B$1964,2,FALSE) -> Emitidas en cartera
D13: =+SUM(D7:D12) -> 3000 | E13: =+SUM(E7:E12) -> 3000
C14: X/X COBRO DE UNA FACTURA DE 3 MIL SOLES
A16: 2.La empresa Pago una factura con cheque por 5 mil soles | D16: 42 | E16: D
D17: 10 | E17: H
B18: Cuenta | C18: Denominacion | D18: Debe | E18: Haber
B19: 42 | C19: =+VLOOKUP(B19,'CATALOGO '!$A$4:$B$1964,2,FALSE) -> CUENTAS POR PAGAR COMERCIALES TERCEROS | D19: 5000
B20: 421 | C20: =+VLOOKUP(B20,'CATALOGO '!$A$4:$B$1964,2,FALSE) -> Facturas, boletas y otros comprobantes por pagar
B21: 4212 | C21: =+VLOOKUP(B21,'CATALOGO '!$A$4:$B$1964,2,FALSE) -> Emitidas
B22: 10 | C22: =+VLOOKUP(B22,'CATALOGO '!$A$4:$B$1964,2,FALSE) -> EFECTIVO Y EQUIVALENTES DE EFECTIVO | E22: 5000
B23: 104 | C23: =+VLOOKUP(B23,'CATALOGO '!$A$4:$B$1964,2,FALSE) -> Cuentas corrientes en instituciones financieras
B24: 1041 | C24: =+VLOOKUP(B24,'CATALOGO '!$A$4:$B$1964,2,FALSE) -> Cuentas corrientes operativas
D25: =+SUM(D19:D24) -> 5000 | E25: =+SUM(E19:E24) -> 5000
C26: X/X PAGO DE FACTURA DE 5 MIL SOLES
A28: 3. La empresa compra mercaderias por 6 mil soles mas igv , y cancela esta deuda con cheque
G29: FACTURA | I29: CUENTA | J29: NATURALEZA
B30: Cuenta | C30: Denominacion | D30: Debe | E30: Haber | G30: BI | H30: 6000 | I30: 6011 | J30: D
B31: 60 | C31: =+VLOOKUP(B31,'CATALOGO '!$A$4:$B$1964,2,FALSE) -> COMPRAS | D31: =+H30 -> 6000 | G31: IGV | H31: =+H30*18% -> 1080 | I31: 4011 | J31: D
B32: 601 | C32: =+VLOOKUP(B32,'CATALOGO '!$A$4:$B$1964,2,FALSE) -> Mercaderías | G32: TOTAL | H32: =+H30+H31 -> 7080 | I32: 421 | J32: H
B33: 40 | C33: =+VLOOKUP(B33,'CATALOGO '!$A$4:$B$1964,2,FALSE) -> TRIBUTOS, CONTRAPRESTACIONES Y APORTES AL SISTEMA PÚBLICO DE PENSIONES Y DE SALUD POR PAGAR | D33: =+H31 -> 1080
B34: 401 | C34: =+VLOOKUP(B34,'CATALOGO '!$A$4:$B$1964,2,FALSE) -> Gobierno nacional
B35: 4011 | C35: =+VLOOKUP(B35,'CATALOGO '!$A$4:$B$1964,2,FALSE) -> Impuesto general a las ventas
B36: 42 | C36: =+VLOOKUP(B36,'CATALOGO '!$A$4:$B$1964,2,FALSE) -> CUENTAS POR PAGAR COMERCIALES TERCEROS | E36: =+H32 -> 7080
B37: 421 | C37: =+VLOOKUP(B37,'CATALOGO '!$A$4:$B$1964,2,FALSE) -> Facturas, boletas y otros comprobantes por pagar
C38: X/X COMPRA DE MERCADERIAS | D38: =+SUM(D31:D37) -> 7080 | E38: =+SUM(E31:E37) -> 7080
B39: 20 | C39: =+VLOOKUP(B39,'CATALOGO '!$A$4:$B$1964,2,FALSE) -> MERCADERÍAS | D39: =+D31 -> 6000
B40: 201 | C40: =+VLOOKUP(B40,'CATALOGO '!$A$4:$B$1964,2,FALSE) -> Mercaderías
B41: 61 | C41: =+VLOOKUP(B41,'CATALOGO '!$A$4:$B$1964,2,FALSE) -> VARIACIÓN DE INVENTARIOS | E41: =+D39 -> 6000
B42: 611 | C42: =+VLOOKUP(B42,'CATALOGO '!$A$4:$B$1964,2,FALSE) -> Mercaderías
C43: X/X INGRESO AL ALMACEN DE MERCADERIA | D43: =+SUM(D39:D42) -> 6000 | E43: =+SUM(E39:E42) -> 6000
B44: 42 | C44: =+VLOOKUP(B44,'CATALOGO '!$A$4:$B$1964,2,FALSE) -> CUENTAS POR PAGAR COMERCIALES TERCEROS | D44: =+E36 -> 7080
B45: 421 | C45: =+VLOOKUP(B45,'CATALOGO '!$A$4:$B$1964,2,FALSE) -> Facturas, boletas y otros comprobantes por pagar
B46: 10 | C46: =+VLOOKUP(B46,'CATALOGO '!$A$4:$B$1964,2,FALSE) -> EFECTIVO Y EQUIVALENTES DE EFECTIVO | E46: =+D44 -> 7080
B47: 104 | C47: =+VLOOKUP(B47,'CATALOGO '!$A$4:$B$1964,2,FALSE) -> Cuentas corrientes en instituciones financieras
C48: X/X PAGO DE LA COMPRA DE MERCADERIA | D48: =+SUM(D44:D47) -> 7080 | E48: =+SUM(E44:E47) -> 7080
A52: 4.La empresa vende mercaderias por 3 mil soles mas igv , y cobra el 50% y el otro 50% es al credito
B55: Cuenta | C55: Denominacion | D55: Debe | E55: Haber | G55: FACTURA | I55: CUENTA | J55: NATURALEZA
B56: 12 | C56: =+VLOOKUP(B56,'CATALOGO '!$A$4:$B$1964,2,FALSE) -> CUENTAS POR COBRAR COMERCIALES TERCEROS | D56: =+H58 -> 3540 | G56: BI | H56: 3000 | I56: 701 | J56: H
B57: 121 | C57: =+VLOOKUP(B57,'CATALOGO '!$A$4:$B$1964,2,FALSE) -> Facturas, boletas y otros comprobantes por cobrar | G57: IGV | H57: =+H56*18% -> 540 | I57: 4011 | J57: H
B58: 40 | C58: =+VLOOKUP(B58,'CATALOGO '!$A$4:$B$1964,2,FALSE) -> TRIBUTOS, CONTRAPRESTACIONES Y APORTES AL SISTEMA PÚBLICO DE PENSIONES Y DE SALUD POR PAGAR | E58: =+H57 -> 540 | G58: TOTAL | H58: =+H56+H57 -> 3540 | I58: 121 | J58: D
B59: 401 | C59: =+VLOOKUP(B59,'CATALOGO '!$A$4:$B$1964,2,FALSE) -> Gobierno nacional
B60: 4011 | C60: =+VLOOKUP(B60,'CATALOGO '!$A$4:$B$1964,2,FALSE) -> Impuesto general a las ventas
B61: 70 | C61: =+VLOOKUP(B61,'CATALOGO '!$A$4:$B$1964,2,FALSE) -> VENTAS | E61: =+H56 -> 3000
B62: 701 | C62: =+VLOOKUP(B62,'CATALOGO '!$A$4:$B$1964,2,FALSE) -> Mercaderías
C63: X/X VENTA DE MERCADERIA | D63: =+SUM(D56:D62) -> 3540 | E63: =+SUM(E56:E62) -> 3540
B64: 10 | C64: =+VLOOKUP(B64,'CATALOGO '!$A$4:$B$1964,2,FALSE) -> EFECTIVO Y EQUIVALENTES DE EFECTIVO | D64: =+D56*50% -> 1770
B65: 104 | C65: =+VLOOKUP(B65,'CATALOGO '!$A$4:$B$1964,2,FALSE) -> Cuentas corrientes en instituciones financieras
B66: 12 | C66: =+VLOOKUP(B66,'CATALOGO '!$A$4:$B$1964,2,FALSE) -> CUENTAS POR COBRAR COMERCIALES TERCEROS | E66: =+D64 -> 1770
B67: 121 | C67: =+VLOOKUP(B67,'CATALOGO '!$A$4:$B$1964,2,FALSE) -> Facturas, boletas y otros comprobantes por cobrar
C68: X/X PAGO DE LA COMPRA DE MERCADERIA | D68: =+SUM(D64:D67) -> 1770 | E68: =+SUM(E64:E67) -> 1770
